AoeStats
← sHeoG0ratH

Black Forest

508020298Analyzed
4v4 RM · 11d ago on Sep 20, 2026· 42m 5s· 8 players
Game mode
Random Map
Map size
Large (8 player)
Population
200
Speed
Normal
Resources
Standard
Victory
Conquest
Starting age
Dark Age
Ending age
Imperial Age
RankedLock teamsTeams togetherTeam positionsShared explorationLock speedFull tech treeHidden civsTurbo modeCheats
Victory
Defeat
🇨🇳 Persians · China
1743
+10
🇲🇽 Khmer · Mexico
1707
+11
🇪🇸 Bengalis · Spain
1660
+13
🇨🇳 Mongols · China
1600
+15
🇺🇦 Persians · Ukraine
1837
-21
🇩🇪 Koreans · Germany
1657
-14
🇫🇷 Khmer · France
1472
-8
🇩🇪 Britons · Germany
1386
-6
Josu Stark
12:11 Feudal Age
13:00 Double-Bit Axe
15:51 Castle Age
15:53 Loom
16:43 Wheelbarrow
17:12 Bow Saw
16:43 Fishing Lines
17:36 Town Watch
20:45 Gillnets
21:46 Horse Collar
23:13 Heavy Plow
24:48 Stone Mining
25:05 Gold Mining
26:19 Hand Cart
27:13 Gold Shaft Mining
30:44 Imperial Age
28:39 Fletching
29:06 Padded Archer Armor
29:19 Bloodlines
29:09 Husbandry
29:25 Bodkin Arrow
29:54 Ballistics
30:19 Leather Archer Armor
30:46 Elite Elephant Archer
31:34 Bracer
32:39 Chemistry
32:33 Conscription
33:55 Two-Man Saw
33:33 Ring Archer Armor
33:11 Treadmill Crane
33:42 Fortified Wall
33:37 Siege Engineers
33:43 Masonry
33:28 Murder Holes
34:10 Paiks
35:08 Crop Rotation
35:50 Caravan
36:21 Coinage
36:01 Guilds
37:10 Mahayana
38:34 Banking
CNZS_HiFive
11:19 Feudal Age
12:10 Town Watch
15:07 Castle Age
13:28 Double-Bit Axe
15:48 Bow Saw
15:54 Fishing Lines
20:36 Wheelbarrow
21:07 Horse Collar
21:57 Gillnets
23:12 Gold Mining
24:52 Hand Cart
25:41 Stone Mining
26:28 Gold Shaft Mining
28:47 Imperial Age
26:03 Loom
26:04 Town Watch
26:58 Stone Shaft Mining
27:21 Scale Barding Armor
27:27 Forging
27:50 Coinage
28:24 Chain Barding Armor
29:01 Chain Barding Armor
29:27 Iron Casting
29:05 Bloodlines
28:57 Husbandry
29:35 Banking
28:31 Cavalier
29:12 Husbandry
30:14 Two-Man Saw
29:44 Guilds
30:18 Plate Barding Armor
31:10 Blast Furnace
30:36 Conscription
29:52 Savar
34:25 Scale Mail Armor
33:46 Pikeman
34:27 Squires
35:49 Chain Mail Armor
36:40 Halberdier
37:06 Arson
39:34 Light Cavalry
40:09 Hussar
41:05 Caravan
Bo Zhi Shang
0:49 Loom
11:44 Feudal Age
14:01 Double-Bit Axe
16:32 Castle Age
15:38 Fishing Lines
17:10 Wheelbarrow
17:34 Bow Saw
18:16 Horse Collar
22:09 Gillnets
26:34 Heavy Plow
31:25 Imperial Age
29:08 Stone Mining
29:09 Gold Mining
29:35 Fletching
29:45 Padded Archer Armor
29:43 Gold Mining
30:46 Hand Cart
30:48 Bodkin Arrow
31:50 Gold Shaft Mining
31:51 Stone Shaft Mining
32:24 Ballistics
31:32 Elite Mangudai
31:46 Capped Ram
32:30 Bracer
32:45 Leather Archer Armor
33:21 Bloodlines
33:13 Husbandry
34:05 Thumb Ring
34:37 Parthian Tactics
34:47 Leather Archer Armor
35:56 Hoardings
34:52 Siege Ram
38:01 Conscription
40:47 Chemistry
41:26 Drill
|Thepejezombie
0:55 Loom
13:03 Feudal Age
19:26 Castle Age
18:30 Double-Bit Axe
20:42 Bow Saw
35:04 Imperial Age
33:20 Pikeman
35:21 Town Watch
36:16 Wheelbarrow
37:51 Halberdier
38:40 Scale Mail Armor
38:50 Forging
39:08 Conscription
39:39 Hand Cart
40:36 Chain Mail Armor
40:59 Iron Casting
41:05 Iron Casting
41:26 Tusk Swords
41:56 Scale Barding Armor
42:52 Blast Furnace
orangefaser
0:40 Loom
12:12 Feudal Age
16:51 Castle Age
15:50 Double-Bit Axe
19:49 Fletching
25:08 Wheelbarrow
24:51 Bodkin Arrow
25:51 Gold Mining
26:01 Horse Collar
31:36 Imperial Age
29:15 Padded Archer Armor
29:20 Town Watch
30:48 Ballistics
30:46 Leather Archer Armor
31:44 Hand Cart
32:50 Bracer
33:50 Bow Saw
33:44 Heavy Plow
34:59 Conscription
37:52 Scale Mail Armor
38:03 Forging
38:23 Ring Archer Armor
37:31 Pikeman
38:12 Squires
38:23 Halberdier
39:21 Chain Mail Armor
40:32 Chemistry
40:48 Two-Man Saw
Tournevis à clou
12:47 Feudal Age
15:49 Castle Age
14:05 Double-Bit Axe
14:04 Horse Collar
23:01 Stone Mining
23:32 Loom
24:42 Gold Mining
26:07 Wheelbarrow
25:17 Town Watch
30:09 Imperial Age
28:17 Forging
28:13 Scale Barding Armor
28:54 Tusk Swords
29:28 Husbandry
29:38 Bloodlines
30:28 Iron Casting
30:14 Chain Barding Armor
30:41 Elite Battle Elephant
32:25 Blast Furnace
34:17 Plate Barding Armor
sHeoG0ratH
10:09 Feudal Age
10:13 Man-at-Arms
10:39 Double-Bit Axe
15:42 Horse Collar
18:54 Gold Mining
21:23 Castle Age
19:34 Gold Mining
19:46 Stone Mining
20:57 Scale Mail Armor
21:11 Forging
22:29 Chain Mail Armor
22:26 Bow Saw
23:32 Heavy Plow
24:41 Squires
26:18 Iron Casting
25:36 Arson
27:51 Loom
29:43 Wheelbarrow
29:32 Fletching
29:36 Gambesons
36:34 Imperial Age
34:46 Pikeman
37:51 Plate Mail Armor
37:12 Halberdier
39:46 Bodkin Arrow
39:59 Elite Skirmisher
42:20 Bracer
lxnmnk Trade | B | S
11:32 Feudal Age
12:28 Double-Bit Axe
14:53 Castle Age
16:24 Bow Saw
16:11 Fishing Lines
20:39 Horse Collar
21:41 Gillnets
23:46 Wheelbarrow
23:32 Stone Mining
23:37 Gold Mining
25:04 Hand Cart
25:38 Heavy Plow
26:48 Stone Shaft Mining
26:49 Gold Shaft Mining
26:58 Gold Shaft Mining
29:41 Imperial Age
27:17 Scale Barding Armor
27:23 Forging
27:52 Caravan
28:24 Chain Barding Armor
29:28 Loom
29:28 Town Watch
30:52 Plate Barding Armor
30:52 Iron Casting
30:28 Bloodlines
30:18 Husbandry
31:52 Coinage
30:57 Elite War Elephant
34:02 Blast Furnace
33:20 Guilds
33:49 Block Printing
36:26 Banking
36:20 Conscription
36:23 Fletching
36:49 Citadels
37:04 Ballistics
37:45 Chemistry
36:55 Masonry
37:22 Hoardings
38:18 Two-Man Saw
37:49 Crop Rotation
38:19 Bodkin Arrow
Connection lost

Rejoining the realm…

Still unreachable

The connection could not be restored.

Session expired

The server has moved on; the page needs a fresh start.